 Dungeon Crawl Stone Soup version 0.32-a0-900-g30fb1b0edc (webtiles) character file.

Game seed: 13830063526352887349

315 spaghetti the Magician (level 6, -28/56 HPs)
             Began as a Naga Chaos Knight on Apr 5, 2024.
             Was a Plaything of Xom.
             Annihilated by an ogre
             ... wielding a +0 giant club
              (34 damage)
             ... on level 4 of the Dungeon.
             The game lasted 00:05:18 (2482 turns).

spaghetti the Magician (Naga Chaos Knight)          Turns: 2482, Time: 00:05:19

Health: -28/56     AC:  5    Str: 14 (15) XL:     6   Next: 43%
Magic:  4/4        EV:  8    Int: 13 (14) God:    Xom [...*..]
Gold:   161        SH:  0    Dex:  9 (10) Spells: 16/16 levels left

rFire   . . .        e - +1 scythe (antimagic)
rCold   . . .        (shield currently unavailable)
rNeg    . . .        b - +2 leather armour
rPois   +            (no helmet)
rElec   .            (no cloak)
rCorr   .            (no gloves)
SInv    +            (no barding)
Will    .....        (no amulet)
Stlth   +            (no ring)
HPRegen 0.29/turn    (no ring)
MPRegen 0.09/turn

%: no passive effects
@: very slow
A: AC +2, large, see invisible, deformed body, poison resistance, slowness 2,
spit poison 1, naga tail 1
a: Spit Poison, Renounce Religion


You were on level 4 of the Dungeon.
You worshipped Xom.
You were a favourite toy of Xom.
You visited 1 branch of the dungeon, and saw 4 of its levels.

You collected 161 gold pieces.

Inventory:

Hand Weapons
 a - a +0 spectral spear
 e - a +1 antimagic scythe (weapon)
Armour
 b - a +2 leather armour (worn)
Jewellery
 f - a ring of protection from fire
Wands
 d - a wand of flame (7)
Scrolls
 h - 2 scrolls of fog
Potions
 c - a potion of enlightenment


   Skills:
 - Level 3.0 Fighting
 - Level 3.0 Polearms
 - Level 1.5 Armour
 - Level 0.7 Dodging
 + Level 5.6 Spellcasting


You had 16 spell levels left.
You didn't know any spells.
Your spell library contained the following spells:

 Spells                   Type           Power      Damage    Failure   Level
 Sting                    Conj/Alch      12%        1d3       22%         1
 Mercury Vapours          Alch/Air       6%         N/A       32%         2
 Olgreb's Toxic Radiance  Alch           3%         N/A       91%         4


Dungeon Overview and Level Annotations

Branches:
Dungeon (4/15)
 Temple: D:4-7

Altars:

Shops:
D:3 ==:


Innate Abilities, Weirdness & Mutations

Your serpentine skin is tough. (AC +2)
You have supernaturally acute eyesight. (SInv)
Armour fits poorly on your strangely shaped body.
Your system is resistant to poisons. (rPois)
You cover ground very slowly.
You can spit poison.
You have a snake-like lower body.


Message History

The ogre is lightly wounded.
The ogre closely misses you.
You puncture the ogre!
The ogre is heavily wounded.
The ogre hits you with a +0 giant club!!
You are too injured to fight recklessly!
You are too injured to fight recklessly!
You are too injured to fight recklessly!
You are too injured to fight recklessly!
You are too injured to fight recklessly!
You are too injured to fight recklessly!
You are too injured to fight recklessly!
You are too injured to fight recklessly!
You are too injured to fight recklessly!
You are too injured to fight recklessly!
You are too injured to fight recklessly!
You are too injured to fight recklessly!
You are too injured to fight recklessly!
You are too injured to fight recklessly!
You are too injured to fight recklessly!
You are too injured to fight recklessly!
You are too injured to fight recklessly!
You are too injured to fight recklessly!
You are too injured to fight recklessly!
You are too injured to fight recklessly!
You are too injured to fight recklessly!
You barely miss the ogre.
The ogre is heavily wounded.
The ogre hits you with a +0 giant club!!
* * * LOW HITPOINT WARNING * * *
Unknown command.
Okay, then.
Okay, then.
Okay, then.
You barely miss the ogre.
The ogre is heavily wounded.
The ogre hits you with a +0 giant club!!
Ouch! That really hurt!
You die...
Xom laughs nastily!

..... .?.. .. ...#
##.# #..# .... #..#
# #.<..#..#.#
#..#.O#.# #....@..#
#.##..###
#.....######
#####......#
#######.###########
...................
..######.##########
#.# #.#


You could see an ogre.

Vanquished Creatures
  Sigmund (D:3)
  A hound skeleton (D:3)
  7 adders
  An adder skeleton (D:3)
  5 dart slugs
  7 endoplasms
  A giant cockroach (D:3)
  4 goblins
  4 hobgoblins
  8 jackals
  A quokka (D:3)
  3 ball pythons
  6 bats
  2 frilled lizards
  7 kobolds
  12 rats
70 creatures vanquished.

Notes
Turn   | Place    | Note
-------+----------+-------------------------------------------
     0 | D:1      | spaghetti the Naga Chaos Knight began the quest for the
                  | Orb.
     0 | D:1      | Reached XP level 1. HP: 21/21 MP: 1/1
    18 | D:1      | XOM: silly message
    20 | D:1      | XOM: silly message
   180 | D:1      | Reached skill level 1 in Spellcasting
   227 | D:1      | XOM: scenery: 2 doors close
   324 | D:1      | Reached XP level 2. HP: 25/28 MP: 4/4
   554 | D:1      | Reached skill level 2 in Spellcasting
   693 | D:1      | Reached XP level 3. HP: 34/34 MP: 6/6
  1083 | D:1      | XOM: god gift: 29 gold pieces
  1215 | D:2      | Noticed Sigmund
  1279 | D:2      | Reached skill level 3 in Spellcasting
  1407 | D:2      | Reached XP level 4. HP: 42/42 MP: 8/8
  1410 | D:2      | XOM: 2-stop teleportation journey
  1593 | D:2      | XOM: butterfly on damage
  1602 | D:2      | HP: 2/42 [Sigmund/puff of flame (1)]
  1723 | D:3      | Found Goleifon's Book Shoppe.
  1723 | D:3      | Found Waewniys's Jewellery Shoppe.
  1790 | D:3      | Found Woaxt's Jewellery Shop.
  1814 | D:3      | Reached skill level 4 in Spellcasting
  1814 | D:3      | Reached XP level 5. HP: 18/49 MP: 9/11
  2220 | D:2      | XOM: enchant monster (good)
  2372 | D:3      | Killed Sigmund
  2373 | D:3      | Reached skill level 5 in Spellcasting
  2373 | D:3      | Reached XP level 6. HP: 31/56 MP: 6/14
  2478 | D:4      | XOM: enchant monster (good)
  2482 | D:4      | Annihilated by an ogre

Illustrated notes

Levels and vault maps discovered:
D:1:      eino_arrival_cavern_b, layout_basic, minmay_rat_gold_closets
D:2:      layout_rooms, feat_on_display, uniq_sigmund
D:3:      layout_rooms, serial_shops, nicolae_shop_rolling_square,
          nicolae_shop_gibbet_a_chance, shop, shop, gammafunk_ghost_necromancy,
          serial_undead, serial_undead_e, serial_undead_c, serial_undead_f,
          serial_undead_a, serial_undead_f, nicolae_wormholes
D:4:      layout_basic, minmay_temple_entry_sparse_star, uniq_blork_the_orc,
          uniq_grinder

Skill      XL: |  1  2  3  4  5 |
---------------+----------------+-----
Spellcasting   | 1 2 3 4 5 |  5.6
Fighting       | |  3.0
Polearms       | |  3.0
Armour         | |  1.5
Dodging        | |  0.7

Action                     |  1- 3 |  4- 6 || total
---------------------------+-------+-------++-------
  Melee: Spear             |    84 |   111 ||   195
         Halberd           |       |     5 ||     5
Ability: Spit Poison       |    23 |    17 ||    40
    Use: Potion            |     3 |     3 ||     6
         Scroll            |     7 |     2 ||     9
   Stab: Sleeping          |     2 |     1 ||     3
         Distracted        |     1 |     2 ||     3
 Armour: Leather armour    |    42 |   100 ||   142
  Dodge: Dodged            |    32 |    43 ||    75

Table legend: (Time is in decaauts)
 A = Elapsed time spent in this place.
 B = Non-inter-level travel time spent in this place.
 C = Inter-level travel time spent in this place.
 D = Time resting spent in this place.
 E = Time spent auto-exploring this place.
 F = Levels seen in this place.
 G = Mean time per level.
                   A        B        C        D        E       F      G
               +--------+--------+--------+--------+--------+-----+--------+
         Total |   3031 |   2910 |    121 |    306 |   2072 |   4 |  757.8 |
       Dungeon |   3031 |   2910 |    121 |    306 |   2072 |   4 |  757.8 |
               +--------+--------+--------+--------+--------+-----+--------+

Top non-repeatable levels by time:
     D:1: 1556 daAuts
     D:2: 991 daAuts
     D:3: 379 daAuts
     D:4: 103 daAuts
